 Dungeon Sprint DCSS version 0.29.1-2-gbd0b4ee654 (webtiles) character file.

Game seed: 2520794944662830142

1760 Zeld the Severer (level 8, -4/82 HPs)
             Began as a Minotaur Berserker on Oct 25, 2022.
             Was a Priest of Trog.
             Succumbed to Sonja's poison
             ... in the Dungeon (Sprint I: "Red Sonja").
             The game lasted 00:01:35 (1009 turns).

Zeld the Severer (Minotaur Berserker)               Turns: 1009, Time: 00:01:35

Health: -4/82      AC:  9    Str: 33    XL:     8   Next: 79%
Magic:  7/7        EV: 14    Int:  1    God:    Trog [***...]
Gold:   171        SH:  0    Dex: 11    Spells: 7/7 levels left

rFire   . . .      SeeInvis +   a - +0 hand axe
rCold   . . .      Faith    .   (no shield)
rNeg    + . .      Spirit   .   b - +1 scale mail "Peujafuti" {rN+ Str+10 Int-3 SInv}
rPois   .          Reflect  .   (helmet restricted)
rElec   .          Harm     .   (no cloak)
rCorr   .          Rampage  .   (no gloves)
Will    ++...      NoTele   +   (no boots)
Stlth   ..........              (no amulet)
HPRegen 1.23/turn               (no ring)
MPRegen 0.10/turn               (no ring)

@: lethally poisoned (-4 -> -25), strong-willed, on berserk cooldown,
regenerating, slowed, very slow
A: horns 2, retaliatory headbutt
a: Renounce Religion, Berserk, Trog's Hand


You were in the Dungeon.
You worshipped Trog.
Trog was most pleased with you.
You visited 1 branch You collected 405 gold pieces.
You spent 234 gold pieces at shops.

Inventory:

Hand Weapons
 a - a +0 hand axe (weapon)
Armour
 b - the +1 scale mail "Peujafuti" (worn) {rN+ Str+10 Int-3 SInv}
   (You bought it in a shop in the Dungeon)

   Str:       It affects your strength (+10).
   Int:       It affects your intelligence (-3).
   rN:        It protects you from negative energy.
   SInv:      It lets you see invisible.
Scrolls
 h - a scroll of blinking
 i - a scroll of fog {unknown}
Potions
 e - a potion of haste
 f - 2 potions of magic
 g - a potion of berserk rage


   Skills:
 + Level 11.2 Fighting
 * Level 15.1 Axes
 + Level 10.9 Armour
 + Level 10.0 Dodging


You had 7 spell levels left.
You didn't know any spells.
Your spell library was empty.

Dungeon Overview and Level Annotations

Branches:
Dungeon (1/1)

Altars:
Cheibriados
Dithmenos
Elyvilon
Fedhas
Gozag
Hepliaklqana
Kikubaaqudgha
Makhleb
Nemelex Xobeh
Okawaru
Qazlal
Ru
Sif Muna
Trog
Uskayaw
Vehumet
Wu Jian
Xom
Yredelemnul
Zin
The Shining One
Jiyva
Lugonu

Shops:
D [


Innate Abilities, Weirdness & Mutations

You have a pair of horns on your head.
You reflexively headbutt those who attack you in melee.


Message History

Sonja hits you with a +1 dagger of venom.
You are more poisoned.
Sonja hits you but does no damage. Sonja misses you.
Unknown command.
Press < or > to pray at altars.
You completely miss Sonja.
Sonja is severely wounded.
You feel extremely sick. Sonja hits you but does no damage.
You are lethally poisoned!
Sonja hits you but does no damage.
Sonja hits you with a +1 dagger of venom.
You are more poisoned.
You slice Sonja!!
You kill Sonja!
Trog accepts your kill.
Trog appreciates your killing of a magic user.
* * * LOW HITPOINT WARNING * * *
You feel extremely sick.
Your Fighting skill increases to level 11!
Your Axes skill increases to level 15!
Your Dodging skill increases to level 10!
There is a lethal amount of poison in your body!
There is a lethal amount of poison in your body!
* * * LOW HITPOINT WARNING * * *
You feel extremely sick.
You feel a strong urge to attack something.
* * * LOW HITPOINT WARNING * * *
You feel extremely sick.
* * * LOW HITPOINT WARNING * * *
You feel extremely sick.
There is a lethal amount of poison in your body!
There is a lethal amount of poison in your body!
Okay, then.
Okay, then.
You are too berserk!
You feel your anger nearly subside.
You are no longer berserk.
You are exhausted.
You feel as though you will be slow longer.
You die...

##########################
#<.#..)..#..'..#__#..')..#
#..)..#..').#..'..'..#)..#
#..#####'#####'#__####...+
#..####..#...#[#### #####
#..#__####..##[#
#..#_____##'#@.+
#⌠⌠#_.∩..['..)_#
####_..__##_.#'#
#_____###'#.# #######
#.### $.$ $.$ ##.## #+#


There were no monsters in sight!

Vanquished Creatures
  Sonja (D)
  2 kobold demonologists (D)
  A slime creature (D)
  Sigmund (D)
  A yak (D)
  A floating eye (D)
  An ogre (D)
  A jelly (D)
  Ijyb (D)
10 creatures vanquished.

Notes
Turn   | Place    | Note
-------+----------+-------------------------------------------
     0 | D        | Zeld the Minotaur Berserker began the quest for the Orb.
     0 | D        | Reached XP level 1. HP: 19/19 MP: 0/0
     1 | D        | Noticed Ijyb
    19 | D        | Killed Ijyb
    20 | D        | Reached skill level 5 in Axes
    20 | D        | Reached XP level 2. HP: 13/28 MP: 1/1
   314 | D        | Noticed an ogre
   318 | D        | Killed an ogre
   319 | D        | Reached skill level 7 in Axes
   319 | D        | Reached skill level 5 in Armour
   319 | D        | Reached XP level 3. HP: 37/37 MP: 2/2
   319 | D        | Reached XP level 4. HP: 44/44 MP: 3/3
   508 | D        | Noticed Sigmund
   518 | D        | Killed Sigmund
   518 | D        | Reached ** piety under Trog
   519 | D        | Reached skill level 10 in Axes
   519 | D        | Reached XP level 5. HP: 52/52 MP: 4/4
   578 | D        | Found a burning altar of Makhleb.
   578 | D        | Found a viscous altar of Jiyva.
   578 | D        | Found a shimmering altar of Xom.
   578 | D        | Found a corrupted altar of Lugonu.
   578 | D        | Noticed a slime creature
   586 | D        | Killed a slime creature
   587 | D        | Reached skill level 11 in Axes
   587 | D        | Reached XP level 6. HP: 62/62 MP: 5/5
   697 | D        | Noticed a kobold demonologist
   697 | D        | Noticed a floating eye
   698 | D        | Noticed a kobold demonologist
   700 | D        | Paralysed by a floating eye for 3 turns
   704 | D        | Killed a floating eye
   705 | D        | Reached XP level 7. HP: 69/69 MP: 6/6
   710 | D        | Killed a kobold demonologist
   710 | D        | Reached *** piety under Trog
   711 | D        | Reached skill level 13 in Axes
   711 | D        | Killed a kobold demonologist
   712 | D        | Reached skill level 10 in Fighting
   712 | D        | Reached XP level 8. HP: 79/79 MP: 7/7
   828 | D        | Found an ornate altar of the Wu Jian Council.
   828 | D        | Found a shimmering blue altar of Sif Muna.
   830 | D        | Found a radiant altar of Vehumet.
   957 | D        | Found Kudac's Antique Armour Emporium.
   957 | D        | Found an ancient bone altar of Kikubaaqudgha.
   957 | D        | Found a hazy altar of Hepliaklqana.
   957 | D        | Found a hide-covered altar of Uskayaw.
   957 | D        | Found a basalt altar of Yredelemnul.
   957 | D        | Found an opulent altar of Gozag.
   957 | D        | Found a snail-covered altar of Cheibriados.
   957 | D        | Found a sacrificial altar of Ru.
   957 | D        | Found a shadowy altar of Dithmenos.
   961 | D        | Found a stormy altar of Qazlal.
   961 | D        | Found a blossoming altar of Fedhas.
   961 | D        | Found a bloodstained altar of Trog.
   961 | D        | Found an iron altar of Okawaru.
   961 | D        | Found a glowing golden altar of the Shining One.
   961 | D        | Found a glowing silver altar of Zin.
   961 | D        | Found a white marble altar of Elyvilon.
   966 | D        | Reached **** piety under Trog
   967 | D        | Reached skill level 14 in Axes
   967 | D        | Reached skill level 10 in Armour
   968 | D        | Found a sparkling altar of Nemelex Xobeh.
   972 | D        | Bought a bloodstained scale mail for 234 gold pieces
   972 | D        | Identified the +1 scale mail "Peujafuti" {rN+ Str+10 Int-3
                  | SInv} (You bought it in a shop in the Dungeon)
   992 | D        | Noticed Sonja
  1005 | D        | Killed Sonja
  1006 | D        | Reached skill level 15 in Axes
  1006 | D        | Reached skill level 10 in Dodging
  1008 | D        | HP: 3/123 [poisoned by Sonja]
  1009 | D        | Succumbed to Sonja's poison

Illustrated notes

Levels and vault maps discovered:
D:        dungeon_sprint_1 [red_sonja_temple_1, red_sonja_temple_small_1]

Skill      XL: |  1  2  3  4  5  6  7  8 |
---------------+-------------------------+-----
Fighting       | 4 6 7 8 10 11 | 11.2
Axes           | 5 7 10 11 13 15 | 15.1
Armour         | 3 5 6 8 9 10 | 10.9
Dodging        | 3 4 6 7 9 10 | 10.0

Action                   |  1- 3 |  4- 6 |  7- 9 || total
-------------------------+-------+-------+-------++-------
Melee: Unarmed           |    15 |       |       ||    15
       Hand axe          |     5 |    12 |    20 ||    37
       Headbutt          |       |     3 |     5 ||     8
Invok: Berserk           |     2 |     3 |     1 ||     6
       Trog's Hand       |       |       |     1 ||     1
       Brothers in Arms  |       |       |     1 ||     1
  Use: Potion            |       |       |     2 ||     2
Armor: Animal skin       |       |     2 |       ||     2
       Scale mail        |       |       |    10 ||    10
Dodge: Dodged            |     5 |     4 |    20 ||    29
